 Dungeon Crawl Stone Soup version 0.30.1-4-g462c640d31 (webtiles) character file.

Game seed: 6111791236585157598

46 wingedge the Digger (level 3, -1/26 HPs)
             Began as a Demigod Earth Elementalist on Aug 18, 2023.
             Slain by Grinder (2 damage)
             ... on level 3 of the Dungeon.
             The game lasted 00:03:03 (1842 turns).

wingedge the Digger (Demigod Earth Elementalist)    Turns: 1842, Time: 00:03:03

Health: -1/26      AC:  2    Str:  9    XL:     3   Next: 27%
Magic:  5/8        EV: 12    Int: 21    God:
Gold:   79         SH:  0    Dex: 14    Spells: 2/6 levels left

rFire   . . .        j - +2 hand axe (elec)
rCold   . . .        (no shield)
rNeg    . . .        c - +0 robe
rPois   .            (no helmet)
rElec   .            (no cloak)
rCorr   .            (no gloves)
SInv    .            (no boots)
Will    .....        (no amulet)
Stlth   ++           (no ring)
HPRegen 0.24/turn    (no ring)
MPRegen 0.11/turn

%: no passive effects
@: no status effects
A: high MP 1, forlorn, divine attributes
a: no special abilities


You were on level 3 of the Dungeon.
You visited 1 branch of the dungeon, and saw 3 of its levels.

You collected 79 gold pieces.

Inventory:

Hand Weapons
 j - a +2 hand axe of electrocution (weapon)
Armour
 c - a +0 robe (worn)
Wands
 m - a wand of paralysis (9)
Scrolls
 a - 3 scrolls of teleportation {unknown}
 d - a scroll of acquirement {unknown}
 f - a scroll of butterflies {unknown}
 g - 3 scrolls of identify {unknown}
 i - a scroll of immolation {unknown}
 k - 3 scrolls of blinking {unknown}
 l - a scroll of poison {unknown}
Potions
 b - a potion of magic
 e - 3 potions of resistance {unknown}
 h - 2 potions of cancellation {unknown}


   Skills:
 + Level 0.1 Fighting
 - Level 2.0 Dodging
 - Level 2.0 Stealth
 + Level 2.0 Spellcasting
 + Level 0.2 Conjurations
 - Level 1.0 Transmutations
 + Level 3.6 Earth Magic


You had 2 spell levels left.
You knew the following spells:

 Your Spells              Type           Power      Damage    Failure   Level
a - Sandblast             Erth           34%        2d9       3%          1
b - Stone Arrow           Conj/Erth      20%        3d8       21%         3

Your spell library contained the following spells:

 Spells                   Type           Power      Damage    Failure   Level
 Passwall                 Tmut/Erth      9%         N/A       9%          2
 Petrify                  Tmut/Erth      11%        N/A       50%         4


Dungeon Overview and Level Annotations

Branches:
Dungeon (3/15)

Shops:
D:1 [

Annotations:
D:3 Grinder


Innate Abilities, Weirdness & Mutations

You have an increased reservoir of magic. (+10% MP)
You shall have no god before yourself.
Your divine heritage dramatically boosts your attributes as you level up.


Message History

You hit Grinder but do no damage.
Grinder is moderately wounded.
The helpless Grinder fails to defend herself.
You hit Grinder but do no damage.
Grinder is moderately wounded.
The blast of sand hits Grinder!
Grinder is heavily wounded.
You miscast Sandblast.
You are very lightly contaminated with residual magic.
Nothing appears to happen.
The helpless Grinder fails to defend herself.
You hit Grinder.
Grinder is severely wounded.
The helpless Grinder fails to defend herself.
You hit Grinder but do no damage.
Grinder is severely wounded.
Grinder is no longer paralysed.
Grinder gestures at you.
You suddenly lose the ability to move!
Grinder hits you but does no damage. Grinder gestures at you.
Pain shoots through your body!
Ouch! That really hurt!
Grinder hits you.
* * * LOW HITPOINT WARNING * * *
You writhe in agony.
* * * LOW HITPOINT WARNING * * *
You can move again.
You hit Grinder but do no damage.
Grinder is severely wounded.
Grinder misses you.
Your magical contamination has completely faded away.
You are too injured to fight recklessly!
Aiming: Sandblast (safe; 3% risk of failure)
Press: ? - help, Q - select action, (/) - cycle Shift-Dir - straight line, f/p - Grinder
Aim: Grinder (severely wounded, 80% to hit)
The blast of sand hits Grinder!
Grinder is almost dead.
Grinder hits you.
You die...

#.####..#
#.#
##...#
###.###
#....#
#.....#
#.<..#
#..>..#
#.####..#
#.....#
#.......#
#.....#
######.##
#.....#
#.#
#######
#@# #5#
#.. #..#
#..# #...
##.# .#


You could see Grinder.

Vanquished Creatures
  An adder (D:2)
  2 dart slugs
  2 endoplasms (D:1)
  2 giant cockroaches
  5 hobgoblins
  2 jackals (D:1)
  4 kobolds
  4 quokkas
  5 ball pythons
  A bat (D:1)
  A frilled lizard (D:2)
  A rat (D:1)
30 creatures vanquished.

Notes
Turn   | Place    | Note
-------+----------+-------------------------------------------
     0 | D:1      | wingedge the Demigod Earth Elementalist began the quest for
                  | the Orb.
     0 | D:1      | Reached XP level 1. HP: 14/14 MP: 5/5
    66 | D:1      | Reached skill level 1 in Transmutations
   188 | D:1      | Found Pememn's Antique Armour Boutique.
   280 | D:1      | Reached XP level 2. HP: 20/20 MP: 5/7
   361 | D:1      | Reached skill level 3 in Earth Magic
  1395 | D:2      | Reached XP level 3. HP: 26/26 MP: 5/8
  1486 | D:2      | Learned a level 3 spell: Stone Arrow
  1821 | D:3      | Noticed Grinder
  1824 | D:3      | Paralysed by Grinder for 3 turns
  1837 | D:3      | Paralysed by Grinder for 4 turns
  1840 | D:3      | HP: 1/26 [Grinder (6)]
  1842 | D:3      | Slain by Grinder

Illustrated notes

Levels and vault maps discovered:
D:1:      tekkud_arrival_beachfront_property, layout_basic, serial_shops, shop,
          amcnicky_mini_rare_corridor_liquid
D:2:      layout_rooms, basic_altar, ebering_ecumenical_altar_rust
D:3:      layout_loops_cross, uniq_grinder, uniq_terence, uniq_jessica

Skill      XL: |  1  2 |
---------------+-------+-----
Transmutations | 1 |  1.0
Stealth        | 2 |  2.0
Dodging        | 2 |  2.0
Spellcasting   | 2 |  2.0
Earth Magic    | 3 |  3.6
Fighting       | |  0.1
Conjurations   | |  0.2

Action                     || total
---------------------------++-------
  Melee: Unarmed           ||     5
         Hand axe          ||     6
   Cast: Sandblast         ||    53
  Evoke: Wand              ||     1
   Stab: Paralysed         ||     5
 Armour: Robe              ||     3
  Dodge: Dodged            ||    14
